 Dungeon Crawl Stone Soup version 0.24-a0-516-g9de272bb65 (webtiles) character file.

Game seed: 16146060974654521418

51 vurker the Firebug (level 3, -1/22 HPs)
             Began as an Octopode Fire Elementalist on July 21, 2019.
             Slain by a phantom (7 damage)
             ... on level 2 of the Dungeon.
             The game lasted 00:03:06 (1808 turns).

vurker the Firebug (Octopode Fire Elementalist)     Turns: 1808, Time: 00:03:06

Health: -1/22      AC:  1    Str:  7    XL:     3   Next: 81%
Magic:  0/6        EV: 13    Int: 18    God:
Gold:   85         SH:  0    Dex: 12    Spells: 1/7 levels left

rFire    . . .     SeeInvis .   d - +0 dagger
rCold    . . .     Gourm    .   (no shield)
rNeg     . . .     Faith    .   (helmet restricted)
rPois    .         Spirit   .   (no amulet)
rElec    .         Reflect  .   (no ring)
rCorr    .         Harm     .   (no ring)
MR       .....                  (no ring)
Stlth    +++.......             (no ring)
HPRegen  0.07/turn              (no ring)
MPRegen  0.10/turn              (no ring)
                                (no ring)
                                (no ring)

@: very slightly contaminated
A: almost no armour, stealthy swim, amphibious, 8 rings, constrict 8, camouflage
1, gelatinous body 1
a: no special abilities


You were on level 2 of the Dungeon.
You were not hungry.

You visited 1 branch of the dungeon, and saw 2 of its levels.

You collected 85 gold pieces.

Inventory:

Hand Weapons
 d - a +0 dagger (weapon)
   (You took it off a kobold on level 1 of the Dungeon)
Scrolls
 a - 2 scrolls of remove curse {unknown}
 f - 2 scrolls of identify {unknown}
 k - a scroll of teleportation {unknown}
 m - a scroll of noise {unknown}
Potions
 b - a potion of brilliance {unknown}
 c - a potion of heal wounds {unknown}
 g - a potion of flight {unknown}
 h - a potion of lignification {unknown}
 j - a potion of degeneration {unknown}
 l - a potion of curing {unknown}
Comestibles
 e - 3 rations {!d}
 i - 9 chunks of flesh


   Skills:
 + Level 0.8 Fighting
 - Level 2.0 Dodging
 - Level 2.6 Stealth
 * Level 2.5 Spellcasting
 * Level 2.0 Conjurations
 * Level 3.5 Fire Magic


You had one spell level left.
You knew the following spells:

 Your Spells              Type           Power        Failure   Level  Hunger
a - Flame Tongue          Conj/Fire      ##...        5%          1    #......
b - Throw Flame           Conj/Fire      ##....       9%          2    ##.....
c - Conjure Flame         Conj/Fire      ##......     16%         3    ###....

Your spell library contained the following spells:

 Spells                   Type           Power        Failure   Level  Hunger
 Inner Flame              Hex/Fire       #.......     24%         3    ###....
 Sticky Flame             Conj/Fire      ##......     47%         4    #####..
 Fireball                 Conj/Fire      ##........   83%         5    ######.


Dungeon Overview and Level Annotations

Branches:
Dungeon (2/15)

Altars:
Dithmenos
Qazlal


Innate Abilities, Weirdness & Mutations

You cannot wear most types of armour.
You are very stealthy in the water. (Stealth+)
You are amphibious.
You can wear up to eight rings at the same time.
You can use your tentacles to constrict eight enemies at once.
Your skin changes colour to match your surroundings (Stealth+).
Your rubbery body absorbs attacks. (AC +1, EV +1)


Message History

i - 10 chunks of flesh (gained 1)
You see here a bat skeleton. x2
e - 3 rations {!d} (gained 1) Some of the chunks of flesh in your inventory have rotted away.
Found a leather armour.
The phantom is too close now for your liking.
Unknown command.
You can't see any susceptible monsters within range! (Use Z to cast anyway.)
You can't see any susceptible monsters within range! (Use Z to cast anyway.)
Aim: a phantom The flame tongue hits the phantom!
Aim: a phantom (moderately damaged)
The flame tongue hits the phantom!
Aim: a phantom (heavily damaged)
The flame tongue hits the phantom but does no damage.
The phantom hits you.
The phantom blinks!
You can't see any susceptible monsters within range! (Use Z to cast anyway.)
You can't see any susceptible monsters within range! (Use Z to cast anyway.)
You can't see any susceptible monsters within range! (Use Z to cast anyway.)
You can't see any susceptible monsters within range! (Use Z to cast anyway.)
You can't see any susceptible monsters within range! (Use Z to cast anyway.)
You can't see any susceptible monsters within range! (Use Z to cast anyway.)
You can't see any susceptible monsters within range! (Use Z to cast anyway.)
You can't see any susceptible monsters within range! (Use Z to cast anyway.)
You can't see any susceptible monsters within range! (Use Z to cast anyway.)
You can't see any susceptible monsters within range! (Use Z to cast anyway.)
You can't see any susceptible monsters within range! (Use Z to cast anyway.)
You can't see any susceptible monsters within range! (Use Z to cast anyway.)
You can't see any susceptible monsters within range! (Use Z to cast anyway.)
You can't see any susceptible monsters within range! (Use Z to cast anyway.)
Found a runed war axe.
Aim: a phantom (heavily damaged)
The flame tongue hits the phantom.
Aim: a phantom (severely damaged)
You miscast Flame Tongue.
You are very lightly contaminated with residual magic.
Sparks fly from your tentacles!
Aim: a phantom (severely damaged)
You miscast Flame Tongue.
You have a brief vision of globes of primordial fire.
The phantom closely misses you.
You don't have enough magic to cast that spell.
You closely miss the phantom.
The phantom blinks!
Aim: a phantom (heavily damaged)
You miscast Flame Tongue.
Nothing appears to happen.
You barely miss the phantom. The phantom hits you!
You hit the phantom but do no damage. The phantom hits you!
* * * LOW HITPOINT WARNING * * *
The phantom hits you!
You die...

## ### ... ..##
#######.######...# #
#.....#.#........# .S
##.#.##.#.......)#
....#...(.#....<..#
....###.###.#.....#
.)..........#.#...#
._.....#W.....##@##
#......#...(...W.##
#......#.....###..######.#
[.........................
#......#.....###....#####
#......#.[...# #.#..#
#......#.....# #.#..#
..... #......##)##.## ####
###....##.##..#


You could see a phantom.

Vanquished Creatures
  2 adders (D:2)
  A dart slug (D:1)
  A ball python (D:1)
  4 bats
  2 giant cockroaches
  5 goblins (D:1)
  6 hobgoblins
  2 kobolds (D:1)
  A quokka (D:2)
  A frilled lizard (D:2)
  2 rats
27 creatures vanquished.

Notes
Turn   | Place    | Note
-------+----------+-------------------------------------------
     0 | D:1      | vurker the Octopode Fire Elementalist began the quest for
                  | the Orb.
     0 | D:1      | Reached XP level 1. HP: 11/11 MP: 3/3
   275 | D:1      | Reached XP level 2. HP: 17/17 MP: 1/5
   903 | D:2      | Reached XP level 3. HP: 14/22 MP: 4/6
  1008 | D:2      | Learned a level 2 spell: Throw Flame
  1012 | D:2      | Learned a level 3 spell: Conjure Flame
  1126 | D:2      | Found a shadowy altar of Dithmenos.
  1144 | D:2      | Noticed a phantom
  1687 | D:2      | Noticed an earth elemental
  1688 | D:2      | Found a stormy altar of Qazlal.
  1808 | D:2      | Slain by a phantom

Levels and vault maps discovered:
D:1:      dpeg_arrival_pond, layout_basic
D:2:      layout_basic, nicolae_qazlal_style_of_elements,
          grunt_temple_overflow_open, overflow_temple_1_default,
          minmay_split_cup_large

Skill      XL: |  1  2  3 |
---------------+----------+-----
Conjurations   | 2 |  2.0
Fighting       | |  0.8
Dodging        | |  2.0
Stealth        | |  2.6
Spellcasting   | |  2.5
Fire Magic     | |  3.5

Action                   || total
-------------------------++-------
Melee: Unarmed           ||     5
       Tentacles         ||     3
       Dagger            ||    18
       Constrict         ||     2
 Cast: Flame Tongue      ||    55
 Stab: Sleeping          ||     1
  Eat: Ration            ||     1
Armor: Skin              ||     7
Dodge: Dodged            ||    33

Table legend:
 A = Non-vault XP
 B = Vault XP
 C = Vault XP percentage of total XP
 D = Non-vault monster count
 E = Vault monster count
 F = Vault count percentage of total count
                 A         B        C        D         E       F
            +---------+---------+-------+---------+---------+-------
      Total |      57 |      16 |  21.9 |      23 |       4 |  14.8
            +---------+---------+-------+---------+---------+-------
        D:1 |      29 |       0 |   0.0 |      14 |       0 |   0.0
        D:2 |      28 |      16 |  36.4 |       9 |       4 |  30.8
            +---------+---------+-------+---------+---------+-------
